 Dungeon Crawl Stone Soup version 0.30-a0-21-g5d08c37080 (webtiles) character file.

Game seed: 3103226384088935573

217 Lekart the Trooper (level 5, 0/46 HPs)
             Began as a Draconian Fighter on Aug 24, 2022.
             Slain by an orc
             ... wielding a +0 dagger
              (2 damage)
             ... on level 5 of the Dungeon.
             The game lasted 00:03:29 (2898 turns).

Lekart the Trooper (Draconian Fighter)              Turns: 2898, Time: 00:03:29

Health: 0/46       AC:  5    Str: 21    XL:     5   Next: 62%
Magic:  5/5        EV: 11    Int:  8    God:
Gold:   299        SH:  8    Dex: 10    Spells: 4/4 levels left

rFire   . . .      SeeInvis .    a - +0 long sword
rCold   . . .      Faith    .    n - +0 kite shield
rNeg    . . .      Spirit   .    (body armour unavailable)
rPois   .          Reflect  .    (helmet restricted)
rElec   .          Harm     .    b - scarf {shadows}
rCorr   .          Rampage  .    (no gloves)
Will    .....                    (no boots)
Stlth   +.........               (no amulet)
HPRegen 0.15/turn                (no ring)
MPRegen 0.09/turn                (no ring)

@: no status effects
A: AC +5, unfitting armour, cold-blooded
a: no special abilities


You were on level 5 of the Dungeon.
You visited 1 branch of the dungeon, and saw 4 of its levels.

You collected 299 gold pieces.

Inventory:

Hand Weapons
 a - a +0 long sword (weapon)
Missiles
 m - 8 javelins (quivered)
Armour
 b - a scarf of shadows (worn)
 n - a +0 kite shield (worn)
Jewellery
 p - a ring of positive energy
Scrolls
 e - 2 scrolls of magic mapping {unknown}
 f - a scroll of vulnerability {unknown}
 k - 2 scrolls of teleportation {unknown}
 r - a scroll of summoning {unknown}
 s - a scroll of enchant weapon {unknown}
Potions
 c - a potion of might
 g - a potion of magic {unknown}
 h - a potion of degeneration {unknown}
 i - 6 potions of curing {unknown}
 j - a potion of invisibility {unknown}
 l - a potion of berserk rage {unknown}
 o - a potion of flight {unknown}
 q - a potion of haste {unknown}


   Skills:
 + Level 4.0 Fighting
 + Level 4.0 Long Blades
 + Level 0.1 Throwing
 + Level 3.6 Dodging
 + Level 3.9 Shields


You had 4 spell levels left.
You didn't know any spells.
Your spell library contained the following spells:

 Spells                   Type           Power      Damage    Failure   Level
 Sublimation of Blood     Necr           0%         N/A       89%         2
 Petrify                  Tmut/Erth      0%         N/A       100%        4
 Irradiate                Conj/Tmut      0%         3d11      100%        5


Dungeon Overview and Level Annotations

Branches:
Dungeon (3/15)

Altars:
Ru

Shops:
D:2 (

Annotations:
D:5 Blork the orc


Innate Abilities, Weirdness & Mutations

Your plain brown scales are hard. (AC +5)
You cannot fit into any form of body armour.
You are cold-blooded and may be slowed by cold attacks.


Message History

You hit Blork the orc.
Blork the orc is heavily wounded.
You block the iguana's attack. You block the orc's attack.
Blork the orc hits you with a +0 battleaxe!
You block the iguana's attack. The orc hits you but does no damage.
Blork the orc closely misses you.
You barely miss Blork the orc.
Blork the orc is moderately wounded.
The orc completely misses you.
Blork the orc hits you with a +0 battleaxe!
The iguana bites you!
* * * LOW HITPOINT WARNING * * *
Blork the orc attacks as you move away! Blork the orc barely misses you.
The orc hits you with a +0 dagger.
* * * LOW HITPOINT WARNING * * *
Unknown command.
Unknown command.
Blink to where?
Press: ? - help, Dir - move target
As you read the scroll labelled LET MOQUPATS, it crumbles to dust.
It was a scroll of blinking.
There is an open door here.
The orc attacks as you move away! The orc closely misses you.
The orc attacks as you move away! You block the orc's attack.
The orc attacks as you move away! The orc hits you with a +0 dagger.
* * * LOW HITPOINT WARNING * * *
The orc attacks as you move away! The orc hits you with a +0 dagger.
* * * LOW HITPOINT WARNING * * *
The orc attacks as you move away! The orc hits you with a +0 dagger.
* * * LOW HITPOINT WARNING * * *
There is an open door here.
The orc attacks as you move away! The orc hits you but does no damage.
Blork the orc begins to cast a cantrip, but forgets the words!
Blork the orc screams, "I'm much stronger than you!"
The orc attacks as you move away! The orc completely misses you.
Blork the orc gestures wildly while chanting.
Blork the orc seems to speed up.
Okay, then.
The orc attacks as you move away! The orc hits you with a +0 dagger.
You die...

#.# #.# #.#####
####.....##### ###
................ ..#
######......#####.
#.## ##............
#.#. #.......#####.
#.#.#
#...@o..ol..#####'#..
#..####.###.'.....#.#
#.[ #.# ###.###.#..
#. #.# #.# #.#.§ #.#
#.###.##. #~#
#.l..l'.. #~.
#+####### ~~~ ≈~~


You could see Blork the orc (fast), an iguana and an orc.

Vanquished Creatures
  A black bear (D:5)
  A howler monkey (D:5)
  2 adders
  A dart slug (D:2)
  4 orcs (D:3)
  6 ball pythons
  6 endoplasms
  5 giant cockroaches
  5 hobgoblins
  5 quokkas
  2 bats
  A frilled lizard (D:3)
  8 goblins
  3 kobolds (D:2)
  3 rats
53 creatures vanquished.

Vanquished Creatures (others)
  2 plants (D:3)
2 creatures vanquished.

Grand Total: 55 creatures vanquished

Notes
Turn   | Place    | Note
-------+----------+-------------------------------------------
     0 | D:1      | Lekart the Draconian Fighter began the quest for the Orb.
     0 | D:1      | Reached XP level 1. HP: 19/19 MP: 1/1
   164 | D:1      | Reached XP level 2. HP: 23/26 MP: 2/2
   839 | D:2      | Reached XP level 3. HP: 29/33 MP: 3/3
  1323 | D:2      | Found Teuphig's Antique Weapon Boutique.
  1872 | D:3      | Found a sacrificial altar of Ru.
  2120 | D:3      | Reached XP level 4. HP: 34/40 MP: 4/4
  2509 | D:3      | You fall into a shaft and drop 2 floors!
  2509 | D:5      | Entered Level 5 of the Dungeon
  2510 | D:5      | Noticed a black bear
  2522 | D:5      | Killed a black bear
  2523 | D:5      | Reached XP level 5. HP: 13/46 MP: 5/5
  2870 | D:5      | Noticed Blork the orc
  2889 | D:5      | HP: 1/46 [orc/+0 dagger (3)]
  2898 | D:5      | Slain by an orc

Illustrated notes

Levels and vault maps discovered:
D:1:      heliophobic_arrival_henge, layout_basic
D:2:      layout_basic, serial_shops, nicolae_shop_waterfront,
          serial_bayou_pond_c, nrook_mini_backslash, minmay_door_square
D:3:      corexii_shack_village, layout_basic, nicolae_ru_sacrificial_ziggurat
D:5:      cheibrodos_thug_alley, layout_loops_cross,
          mainiacjoe_overflow_large_starburst, minmay_misc_feat_encased,
          uniq_blork_the_orc

Skill      XL: |  1  2  3  4  5 |
---------------+----------------+-----
Dodging        | 3 |  3.6
Long Blades    | 3 4 |  4.0
Fighting       | 4 |  4.0
Throwing       | |  0.1
Shields        | |  3.9

Action                   |  1- 3 |  4- 6 || total
-------------------------+-------+-------++-------
Melee: Long sword        |   126 |    39 ||   165
       Tailslap          |    12 |     6 ||    18
Throw: Javelin           |     5 |       ||     5
  Use: Scroll            |       |     1 ||     1
 Stab: Sleeping          |     2 |     1 ||     3
Armor: Skin              |    33 |    16 ||    49
Dodge: Dodged            |    60 |    40 ||   100
Block: Buckler           |     4 |       ||     4
       Kite shield       |    40 |    25 ||    65

Table legend: (Time is in decaauts)
 A = Elapsed time spent in this place.
 B = Non-inter-level travel time spent in this place.
 C = Inter-level travel time spent in this place.
 D = Time resting spent in this place.
 E = Time spent auto-exploring this place.
 F = Levels seen in this place.
 G = Mean time per level.
                   A        B        C        D        E       F      G
               +--------+--------+--------+--------+--------+-----+--------+
         Total |   2981 |   2918 |     63 |      0 |   2439 |   4 |  745.2 |
       Dungeon |   2981 |   2918 |     63 |      0 |   2439 |   4 |  745.2 |
               +--------+--------+--------+--------+--------+-----+--------+

Top non-repeatable levels by time:
     D:2: 1013 daAuts
     D:3: 806 daAuts
     D:1: 764 daAuts
     D:5: 396 daAuts
